| TOP OF THE 1ST |
|
St. Petersburg Saints batting - Pitching for Daytona Beach Islanders : RHP Pat Shackelford
|
|
Pitching: RHP Pat Shackelford
|
|
|
Batting: LHB Omar de la Torre
|
0-0: Ball 1-0: Swinging Strike 1-1: Ball 2-1: Fly out, F7 (Flyball, 7LS, EV 90.6 MPH)
|
|
Batting: LHB Al Leboeuf
|
0-0: Ball 1-0: Swinging Strike 1-1: Foul Ball, location: 2F 1-2: Ball 2-2: SINGLE (Groundball, 4MD, EV 105.6 MPH)
|
|
Batting: LHB Terry Blocker
|
0-0: DOUBLE (Line Drive, 89XD, EV 106.9 MPH) Al Leboeuf to third
|
|
Batting: RHB Jeff Pyburn
|
0-0: Called Strike 0-1: Ball 1-1: Ball 2-1: Ball 3-1: SINGLE (Line Drive, 56, EV 100.0 MPH) Al Leboeuf scores Terry Blocker to third
|
|
Batting: RHB Ric Despaux
|
0-0: Ball Jeff Pyburn steals 2nd base 1-0: Foul Ball, location: 2F 1-1: Called Strike 1-2: Ground out 6-3 (Groundball, 6, EV 80.6 MPH) Terry Blocker scores Jeff Pyburn to third
|
|
Batting: RHB Jerry Johnson
|
0-0: Ball 1-0: Ball 2-0: Ball 3-0: Called Strike 3-1: Base on Balls
|
|
Batting: RHB Randy Ingle
|
0-0: Ball 1-0: Foul Ball, location: 2F 1-1: Ball 2-1: Ball 3-1: Base on Balls Jerry Johnson to second
|
|
Batting: RHB Roberto Alvarez
|
0-0: Ball 1-0: Called Strike 1-1: Fly out, F3 (Popup, 3SF, EV 72.5 MPH)
|
| Top of the 1st over - 2 runs, 3 hits, 0 errors, 3 left on base; St. Petersburg 2 - Daytona Beach 0 |
| BOTTOM OF THE 1ST |
|
Daytona Beach Islanders batting - Pitching for St. Petersburg Saints : RHP Rich Zelaya
|
|
Pitching: RHP Rich Zelaya
|
|
|
Batting: SHB Michael Frierson
|
0-0: Ball 1-0: Foul Ball, location: 2F 1-1: SINGLE (Groundball, 4MD, EV 101.3 MPH)
|
|
Batting: RHB Juan Salinas
|
0-0: Called Strike 0-1: Ball 1-1: Ball 2-1: SINGLE (Flyball, 9LS, EV 90.6 MPH) Michael Frierson to second Runner from 2nd tries for 3rd, SAFE, throw by RF made to third
|
|
Batting: LHB Jim Eppard
|
0-0: Ball 1-0: Ball 2-0: Grounds into double play, 4-6-3 (Groundball, 4, EV 101.3 MPH) Michael Frierson scores
|
|
Batting: SHB Randle Granger
|
0-0: Ground out 6-3 (Groundball, 6, EV 80.6 MPH)
|
| Bottom of the 1st over - 1 run, 2 hits, 0 errors, 0 left on base; St. Petersburg 2 - Daytona Beach 1 |
| TOP OF THE 2ND |
|
St. Petersburg Saints batting - Pitching for Daytona Beach Islanders : RHP Pat Shackelford
|
|
Batting: RHB Pablo Carballo
|
0-0: Foul Ball, location: 2F 0-1: Ball 1-1: Ground out 5-3 (Groundball, 5L, EV 77.5 MPH)
|
|
Batting: LHB Omar de la Torre
|
0-0: Ground out 6-3 (Groundball, 6, EV 105.0 MPH)
|
|
Batting: LHB Al Leboeuf
|
0-0: Called Strike 0-1: Ball 1-1: Ball 2-1: SINGLE (Groundball, 34D, EV 109.4 MPH)
|
|
Batting: LHB Terry Blocker
|
0-0: Ball 1-0: Ball 2-0: Reached via error on a dropped throw from SS, E3 (Groundball, 6MS, EV 82.5 MPH) Al Leboeuf to second
|
|
Batting: RHB Jeff Pyburn
|
0-0: Called Strike 0-1: Ball 1-1: 3-RUN HOME RUN (Flyball, 7LD, EV 101.3 MPH), Distance : 349 ft
|
|
Batting: RHB Ric Despaux
|
0-0: Called Strike 0-1: SINGLE (Line Drive, 9LM, EV 95.6 MPH)
|
|
Batting: RHB Jerry Johnson
|
0-0: Ground out 1-3 (Groundball, 34S, EV 71.9 MPH)
|
| Top of the 2nd over - 3 runs, 3 hits, 1 error, 1 left on base; St. Petersburg 5 - Daytona Beach 1 |
| BOTTOM OF THE 2ND |
|
Daytona Beach Islanders batting - Pitching for St. Petersburg Saints : RHP Rich Zelaya
|
|
Batting: RHB Gary Kempton
|
0-0: Called Strike 0-1: Ball 1-1: Foul Ball, location: 2F 1-2: Ball 2-2: Strikes out swinging
|
|
Batting: RHB Douglas Wabeke
|
0-0: Ground out 6-3 (Groundball, 6, EV 89.4 MPH)
|
|
Batting: RHB Jeff Rutledge
|
0-0: Ball 1-0: Foul Ball, location: 2F 1-1: SINGLE (Groundball, 56D, EV 104.4 MPH)
|
|
Batting: RHB Kalvin Adams
|
0-0: Called Strike Jeff Rutledge steals 2nd base 0-1: Foul Ball, location: 2F 0-2: Fly out, F7 (Flyball, 7S, EV 82.5 MPH)
|
| Bottom of the 2nd over - 0 runs, 1 hit, 0 errors, 1 left on base; St. Petersburg 5 - Daytona Beach 1 |
| TOP OF THE 3RD |
|
St. Petersburg Saints batting - Pitching for Daytona Beach Islanders : RHP Pat Shackelford
|
|
Batting: RHB Randy Ingle
|
0-0: Ball 1-0: Ball 2-0: Foul Ball, location: 2F 2-1: Ground out 5-3 (Groundball, 56S, EV 84.4 MPH)
|
|
Batting: RHB Roberto Alvarez
|
0-0: Called Strike 0-1: Ball 1-1: Ball 2-1: Ball 3-1: Ground out 6-3 (Groundball, 6, EV 82.5 MPH)
|
|
Batting: RHB Pablo Carballo
|
0-0: Called Strike 0-1: Ball 1-1: Foul Ball, location: 2F 1-2: Ground out 6-3 (Groundball, 6, EV 79.4 MPH)
|
| Top of the 3rd over - 0 runs, 0 hits, 0 errors, 0 left on base; St. Petersburg 5 - Daytona Beach 1 |
| BOTTOM OF THE 3RD |
|
Daytona Beach Islanders batting - Pitching for St. Petersburg Saints : RHP Rich Zelaya
|
|
Batting: RHB Francisco Gonzalez
|
0-0: Ground out 3-1 (Groundball, 34, EV 85.6 MPH)
|
|
Batting: SHB Michael Frierson
|
0-0: Ball 1-0: Ball 2-0: Called Strike 2-1: Foul Ball, location: 2F 2-2: Reached on error, E3 (Groundball, 34, EV 85.0 MPH)
|
|
Batting: RHB Juan Salinas
|
0-0: Ball 1-0: Foul Ball, location: 2F 1-1: Ball 2-1: Foul Ball, location: 2F 2-2: Ball 3-2: Strikes out swinging
|
|
Batting: LHB Jim Eppard
|
0-0: Ground out 5-3 (Groundball, 5S, EV 87.5 MPH)
|
| Bottom of the 3rd over - 0 runs, 0 hits, 1 error, 1 left on base; St. Petersburg 5 - Daytona Beach 1 |
| TOP OF THE 4TH |
|
St. Petersburg Saints batting - Pitching for Daytona Beach Islanders : RHP Pat Shackelford
|
|
Batting: LHB Omar de la Torre
|
0-0: Ball 1-0: Called Strike 1-1: Ball 2-1: Fly out, F8 (Line Drive, 8RD, EV 95.0 MPH)
|
|
Batting: LHB Al Leboeuf
|
0-0: Called Strike 0-1: Ball 1-1: Ball 2-1: Ball 3-1: Base on Balls
|
|
Batting: LHB Terry Blocker
|
0-0: Ball Wild Pitch! Al Leboeuf to second 1-0: Fly out, F8 (Flyball, 8RXD, EV 84.4 MPH) Runner from 2nd tags up, SAFE at 3rd, no throw by CF
|
|
Batting: RHB Jeff Pyburn
|
0-0: Ball 1-0: Called Strike 1-1: Ball 2-1: Foul Ball, location: 2F 2-2: Foul Ball, location: 2F 2-2: Strikes out swinging
|
| Top of the 4th over - 0 runs, 0 hits, 0 errors, 1 left on base; St. Petersburg 5 - Daytona Beach 1 |
| BOTTOM OF THE 4TH |
|
Daytona Beach Islanders batting - Pitching for St. Petersburg Saints : RHP Rich Zelaya
|
|
Batting: SHB Randle Granger
|
0-0: Ball 1-0: Foul Ball, location: 2F 1-1: Ball 2-1: Fly out, F9 (Flyball, 9LM, EV 80.6 MPH)
|
|
Batting: RHB Gary Kempton
|
0-0: Ball 1-0: Ball 2-0: Called Strike 2-1: Ground out 6-3 (Groundball, 6M, EV 80.0 MPH)
|
|
Batting: RHB Douglas Wabeke
|
0-0: Foul Ball, location: 2F 0-1: Foul Ball, location: 2F 0-2: Foul Ball, location: 2F 0-2: Ball 1-2: Ball 2-2: Foul Ball, location: 2F 2-2: Foul Ball, location: 2F 2-2: Ball 3-2: Foul Ball, location: 2F 3-2: Base on Balls
|
|
Batting: RHB Jeff Rutledge
|
0-0: Swinging Strike 0-1: Called Strike 0-2: Ball 1-2: Foul Ball, location: 2F 1-2: Foul Ball, location: 2F 1-2: Ball 2-2: Foul Ball, location: 2F 2-2: Strikes out swinging
|
| Bottom of the 4th over - 0 runs, 0 hits, 0 errors, 1 left on base; St. Petersburg 5 - Daytona Beach 1 |
| TOP OF THE 5TH |
|
St. Petersburg Saints batting - Pitching for Daytona Beach Islanders : RHP Pat Shackelford
|
|
Batting: RHB Ric Despaux
|
0-0: Swinging Strike 0-1: Ball 1-1: Foul Ball, location: 2F 1-2: Strikes out swinging
|
|
Batting: RHB Jerry Johnson
|
0-0: Fly out, F9 (Flyball, 9, EV 90.6 MPH)
|
|
Batting: RHB Randy Ingle
|
0-0: Called Strike 0-1: Ground out 6-3 (Groundball, 6, EV 104.4 MPH)
|
| Top of the 5th over - 0 runs, 0 hits, 0 errors, 0 left on base; St. Petersburg 5 - Daytona Beach 1 |
| BOTTOM OF THE 5TH |
|
Daytona Beach Islanders batting - Pitching for St. Petersburg Saints : RHP Rich Zelaya
|
|
Batting: RHB Kalvin Adams
|
0-0: Swinging Strike 0-1: Fly out, F8 (Line Drive, 8LM, EV 91.3 MPH)
|
|
Batting: RHB Francisco Gonzalez
|
0-0: Ball 1-0: Called Strike 1-1: SINGLE (Groundball, 6MD, EV 106.9 MPH)
|
|
Batting: SHB Michael Frierson
|
0-0: Ball 1-0: Called Strike 1-1: SINGLE (Line Drive, 8LS, EV 86.9 MPH) Francisco Gonzalez to second
|
|
Batting: RHB Juan Salinas
|
0-0: Ball 1-0: Called Strike 1-1: Ball 2-1: SINGLE (Line Drive, 8RS, EV 91.3 MPH) Francisco Gonzalez to third Michael Frierson to second Runner from 3rd tries for Home, SAFE, throw by CF to home
|
|
Batting: LHB Jim Eppard
|
0-0: Ball Wild Pitch! Michael Frierson to third Juan Salinas to second 1-0: Ball 2-0: Foul Ball, location: 2F 2-1: Swinging Strike 2-2: SINGLE (Line Drive, 78S, EV 111.3 MPH) Michael Frierson scores Juan Salinas to third
|
|
Batting: SHB Randle Granger
|
0-0: Called Strike 0-1: Ball 1-1: Ball 2-1: Ground out 5-3 (Groundball, 56S, EV 65.0 MPH) Jim Eppard to second
|
|
Batting: RHB Gary Kempton
|
0-0: TRIPLE (Line Drive, 89XD, EV 111.3 MPH) Juan Salinas scores Jim Eppard scores
|
|
Batting: RHB Douglas Wabeke
|
0-0: Called Strike 0-1: Ball 1-1: Ball 2-1: Ball 3-1: Foul Ball, location: 2F 3-2: SINGLE (Flyball, 8LS, EV 91.3 MPH) Gary Kempton scores
|
|
Pitching: RHP Richard Robinson
|
|
|
Batting: RHB Jeff Rutledge
|
0-0: Swinging Strike 0-1: Ground out 4-3 (Groundball, 34, EV 81.9 MPH)
|
| Bottom of the 5th over - 5 runs, 6 hits, 0 errors, 1 left on base; St. Petersburg 5 - Daytona Beach 6 |
| TOP OF THE 6TH |
|
St. Petersburg Saints batting - Pitching for Daytona Beach Islanders : RHP Pat Shackelford
|
|
Pitching: RHP Thad Troedson
|
|
|
Batting: RHB Roberto Alvarez
|
0-0: Called Strike 0-1: Called Strike 0-2: SINGLE (Groundball, 5D, EV 94.4 MPH)
|
|
Batting: RHB Pablo Carballo
|
0-0: Bunt missed! 0-1: Sac Bunt to 3S - play at first, batter OUT! 3-4 Roberto Alvarez to second
|
|
Batting: LHB Omar de la Torre
|
0-0: Ball 1-0: SINGLE (Groundball, 4M, EV 100.6 MPH) Roberto Alvarez to third Runner from 3rd tries for Home, SAFE, throw by CF to home
|
|
Batting: LHB Al Leboeuf
|
0-0: Ball 1-0: Foul Ball, location: 2F 1-1: Fly out, F9 (Flyball, 9D, EV 103.8 MPH) Runner from 1st tags up, SAFE at 2nd
|
|
Batting: LHB Terry Blocker
|
0-0: Intentional Walk
|
|
Batting: RHB Jeff Pyburn
|
0-0: Ball Passed Ball! Omar de la Torre to third Terry Blocker to second 1-0: Intentional Walk
|
|
Batting: RHB Ric Despaux
|
0-0: Ball 1-0: Ball 2-0: Called Strike 2-1: Foul Ball, location: 2F 2-2: Strikes out looking
|
| Top of the 6th over - 1 run, 2 hits, 0 errors, 3 left on base; St. Petersburg 6 - Daytona Beach 6 |
| BOTTOM OF THE 6TH |
|
Daytona Beach Islanders batting - Pitching for St. Petersburg Saints : RHP Richard Robinson
|
|
Batting: RHB Kalvin Adams
|
0-0: Ball 1-0: Ball 2-0: TRIPLE (Flyball, 78XD, EV 103.1 MPH)
|
|
Batting: RHB Francisco Gonzalez
|
0-0: Foul Ball, location: 2F 0-1: Foul Ball, location: 2F 0-2: Foul Ball, location: 2F 0-2: Foul Ball, location: 2F 0-2: SINGLE (Line Drive, 4, EV 97.5 MPH) Kalvin Adams scores
|
|
Batting: SHB Michael Frierson
|
0-0: Ball 1-0: Foul Ball, location: 2F 1-1: Called Strike 1-2: Foul Ball, location: 2F 1-2: SINGLE (Groundball, 34S, EV 68.8 MPH) (infield hit) Francisco Gonzalez to second
|
|
Pinch Runner at 2nd Robert Whitfield:
|
|
|
Batting: RHB Juan Salinas
|
0-0: Bunt missed! 0-1: Ball 1-1: Bunted foul 1-2: Foul Ball, location: 2F 1-2: Grounds into double play, 6-4-3 (Groundball, 6, EV 106.3 MPH) Robert Whitfield to third
|
|
Batting: LHB Jim Eppard
|
0-0: Intentional Walk
|
|
Batting: SHB Randle Granger
|
0-0: Ball 1-0: Fly out, F7 (Flyball, 7LS, EV 77.5 MPH)
|
| Bottom of the 6th over - 1 run, 3 hits, 0 errors, 2 left on base; St. Petersburg 6 - Daytona Beach 7 |
| TOP OF THE 7TH |
|
St. Petersburg Saints batting - Pitching for Daytona Beach Islanders : RHP Thad Troedson
|
|
Now at 3B: Don Stricklen
|
|
|
Batting: RHB Jerry Johnson
|
0-0: Ball 1-0: Fly out, F8 (Flyball, 8RM, EV 90.6 MPH)
|
|
Batting: RHB Randy Ingle
|
0-0: Fly out, F8 (Flyball, 89D, EV 100.6 MPH)
|
|
Batting: RHB Roberto Alvarez
|
0-0: Ball 1-0: Ball 2-0: Foul Ball, location: 2F 2-1: TRIPLE (Flyball, 8LXD, EV 108.1 MPH)
|
|
Pinch Hitting: RHB Rock Coyle
|
0-0: Called Strike 0-1: Called Strike 0-2: Ball 1-2: Ball 2-2: Ball 3-2: DOUBLE (Line Drive, 89D, EV 105.6 MPH) Roberto Alvarez scores
|
|
Batting: LHB Omar de la Torre
|
0-0: Foul Ball, location: 2F 0-1: DOUBLE (Line Drive, 89D, EV 107.5 MPH) Rock Coyle scores
|
|
Pitching: RHP Nelson Munoz
|
|
|
Batting: LHB Al Leboeuf
|
0-0: Ball 1-0: Fly out, F5 (Popup, 5L, EV 65.6 MPH)
|
| Top of the 7th over - 2 runs, 3 hits, 0 errors, 1 left on base; St. Petersburg 8 - Daytona Beach 7 |
| BOTTOM OF THE 7TH |
|
Daytona Beach Islanders batting - Pitching for St. Petersburg Saints : RHP Richard Robinson
|
|
Now at 3B: Pablo Cavallo
|
|
|
Batting: RHB Gary Kempton
|
0-0: Called Strike 0-1: Ball 1-1: Ball 2-1: Ball 3-1: Base on Balls
|
|
Pitching: RHP Michael Nedelisky
|
|
|
Batting: RHB Douglas Wabeke
|
0-0: Ball 1-0: Called Strike 1-1: Called Strike 1-2: Ball 2-2: Ball 3-2: Base on Balls Gary Kempton to second
|
|
Batting: RHB Jeff Rutledge
|
0-0: Reached on error, E2 (Groundball, 2R, EV 43.8 MPH) Gary Kempton scores Douglas Wabeke to third
|
|
Batting: RHB Kalvin Adams
|
0-0: Intentional Walk
|
|
Batting: RHB Don Stricklen
|
0-0: Fly out, F7 (Flyball, 7LM, EV 78.8 MPH) Runner from 3rd tags up, SCORES, no throw by LF
|
|
Batting: SHB Michael Frierson
|
0-0: Ball 1-0: Ball 2-0: Ball 3-0: Called Strike 3-1: Foul Ball, location: 2F 3-2: Fly out, F6 (Flyball, 56D, EV 92.5 MPH)
|
|
Batting: RHB Juan Salinas
|
0-0: Called Strike 0-1: Ball 1-1: Fly out, F5 (Flyball, 5D, EV 90.6 MPH)
|
| Bottom of the 7th over - 2 runs, 0 hits, 1 error, 2 left on base; St. Petersburg 8 - Daytona Beach 9 |
| TOP OF THE 8TH |
|
St. Petersburg Saints batting - Pitching for Daytona Beach Islanders : RHP Nelson Munoz
|
|
Batting: LHB Terry Blocker
|
0-0: Ball 1-0: Ground out 4-3 (Groundball, 4, EV 83.1 MPH)
|
|
Batting: RHB Jeff Pyburn
|
0-0: Ball 1-0: Ball 2-0: Ball 3-0: Base on Balls
|
|
Batting: RHB Ric Despaux
|
0-0: Ball 1-0: Called Strike 1-1: Foul Ball, location: 2F 1-2: Foul Ball, location: 2F 1-2: Strikes out swinging
|
|
Batting: RHB Jerry Johnson
|
0-0: Ball 1-0: Foul Ball, location: 2F 1-1: Ground out 1-3 (Groundball, 15S, EV 64.4 MPH)
|
| Top of the 8th over - 0 runs, 0 hits, 0 errors, 1 left on base; St. Petersburg 8 - Daytona Beach 9 |
| BOTTOM OF THE 8TH |
|
Daytona Beach Islanders batting - Pitching for St. Petersburg Saints : RHP Michael Nedelisky
|
|
Batting: LHB Jim Eppard
|
0-0: Called Strike 0-1: Ball 1-1: Swinging Strike 1-2: SINGLE (Flyball, 7S, EV 84.4 MPH)
|
|
Batting: SHB Randle Granger
|
0-0: Fielders Choice at 2nd, 6-4 (Groundball, 56D, EV 103.1 MPH)
|
|
Batting: RHB Gary Kempton
|
0-0: Ball 1-0: Foul Ball, location: 2F 1-1: Ball 2-1: Called Strike 2-2: SINGLE (Line Drive, 78M, EV 87.5 MPH) Randle Granger to second Runner from 2nd tries for 3rd, SAFE, no throw by CF
|
|
Pitching: RHP Edgardo Santana
|
|
|
Batting: RHB Douglas Wabeke
|
0-0: Foul Ball, location: 2F 0-1: Ball 1-1: Ball 2-1: Ball 3-1: Foul Ball, location: 2F 3-2: Base on Balls Gary Kempton to second
|
|
Batting: RHB Jeff Rutledge
|
0-0: Swinging Strike 0-1: Foul Ball, location: 2F 0-2: Strikes out swinging
|
|
Batting: RHB Kalvin Adams
|
0-0: Fielders Choice at 2nd, 5-4 (Groundball, 56, EV 98.8 MPH)
|
| Bottom of the 8th over - 0 runs, 2 hits, 0 errors, 3 left on base; St. Petersburg 8 - Daytona Beach 9 |
| TOP OF THE 9TH |
|
St. Petersburg Saints batting - Pitching for Daytona Beach Islanders : RHP Nelson Munoz
|
|
Pitching: LHP Richard Ford
|
|
|
Batting: RHB Randy Ingle
|
0-0: Foul Ball, location: 2F 0-1: Ball 1-1: Ball 2-1: Foul Ball, location: 2F 2-2: Fly out, F7 (Flyball, 7S, EV 74.4 MPH)
|
|
Batting: RHB Roberto Alvarez
|
0-0: Foul Ball, location: 2F 0-1: Ball 1-1: Ground out 6-3 (Groundball, 6, EV 101.9 MPH)
|
|
Pinch Hitting: RHB Dave Clements
|
0-0: Called Strike 0-1: Ball 1-1: Called Strike 1-2: Foul Ball, location: 2F 1-2: Strikes out swinging
|
| Top of the 9th over - 0 runs, 0 hits, 0 errors, 0 left on base; St. Petersburg 8 - Daytona Beach 9 |
|